 Dungeon Crawl Stone Soup version 0.28.0-45-g0d030f2227 (webtiles) character file.

Game seed: 2657578462671631132

802 PilotEpisode the Ruffian (level 7, -2/60 HPs)
             Began as a Ghoul Chaos Knight on Mar 18, 2022.
             Was a Plaything of Xom.
             Slain by a yak (7 damage)
             ... on level 5 of the Dungeon on Apr 6, 2022.
             The game lasted 00:15:00 (3456 turns).

PilotEpisode the Ruffian (Ghoul Chaos Knight)       Turns: 3456, Time: 00:15:00

Health: -2/60      AC: 12    Str: 19    XL:     7   Next: 90%
Magic:  6/6        EV: 12    Int:  7    God:    Xom [..*...]
Gold:   188        SH:  0    Dex: 10    Spells: 6/6 levels left

rFire   . . .      SeeInvis .   j - +3 hand axe (venom)
rCold   + . .      Faith    .   (no shield)
rNeg    + + +      Spirit   .   m - +0 chain mail
rPois   ∞          Reflect  .   (no helmet)
rElec   .          Harm     .   (no cloak)
rCorr   .          Rampage  .   o - +2 pair of gloves {Str+3}
Will    .....                   (no boots)
Stlth   ..........              (no amulet)
HPRegen 0.00/turn               h - +4 ring of evasion
MPRegen 0.10/turn               (no ring)

@: brilliant, inhibited regen
A: claws 1, cold resistance 1, negative energy resistance 3, inhibited
regeneration, torment resistance 2
a: Renounce Religion


You were on level 5 of the Dungeon.
You worshipped Xom.
You were a toy of Xom.
You visited 1 branch of the dungeon, and saw 5 of its levels.

You collected 188 gold pieces.

Inventory:

Hand Weapons
 i - a +0 scimitar
 j - a +3 hand axe of venom (weapon)
 p - a +1 scimitar of holy wrath
 q - a +3 flail
Armour
 a - a +2 leather armour
 m - a +0 chain mail (worn)
 o - a +2 pair of gloves of strength (worn)
Jewellery
 h - a +4 ring of evasion (left hand)
Wands
 r - a wand of acid (13)
 s - a wand of paralysis (6)
 u - a wand of charming (5)
Scrolls
 b - a scroll of noise {unknown}
 e - a scroll of enchant weapon {unknown}
 f - a scroll of fog {unknown}
 k - a scroll of magic mapping {unknown}
 n - 4 scrolls of identify {unknown}
 t - a scroll of silence {unknown}
Potions
 c - a potion of brilliance {unknown}
 d - a potion of might {unknown}
 g - 3 potions of ambrosia {unknown}
 l - 2 potions of heal wounds {unknown}


   Skills:
 + Level 4.6 Fighting
 + Level 1.0 Long Blades
 + Level 3.3 Axes
 + Level 3.6 Armour
 + Level 2.5 Dodging
 + Level 1.8 Stealth
 + Level 6.0 Unarmed Combat


You had 6 spell levels left.
You didn't know any spells.
Your spell library contained the following spells:

 Spells                   Type           Power      Damage    Failure   Level
 Pain                     Necr           0%         1d4       99%         1
 Ensorcelled Hibernation  Hex/Ice        0%         N/A       100%        2
 Passwall                 Tmut/Erth      0%         N/A       100%        2
 Conjure Flame            Conj/Fire      0%         6-21      100%        3
 Ignite Poison            Fire/Tmut/Pois 0%         N/A       100%        3
 Portal Projectile        Hex/Tloc       0%         N/A       100%        3
 Swiftness                Air            0%         N/A       100%        3
 Sticky Flame             Conj/Fire      0%         2d3       100%        4
 Death Channel            Necr           0%         N/A       100%        6
 Haunt                    Necr/Summ      0%         N/A       100%        7


Dungeon Overview and Level Annotations

Branches:
Dungeon (5/15)             Temple (0/1) D:5

Altars:
Cheibriados
Nemelex Xobeh
Uskayaw
Xom

Shops:
D:4 (


Innate Abilities, Weirdness & Mutations

You thrive by killing the living.
You are immune to poison.
You have sharp fingernails.
Your flesh is cold resistant. (rC+)
You are immune to negative energy. (rN+++)
You do not regenerate when monsters are visible.
You are immune to unholy pain and torment.


Message History

You hit the yak but do no damage.
The yak is poisoned.
You punch the yak, but do no damage. "Go forth and destroy!"
You feel clever all of a sudden. The yak barely misses you.
You closely miss the yak. You punch the yak.
The yak is lightly wounded.
You hit the yak but do no damage.
The yak is poisoned.
The yak gores you. x2
The yak gores you but does no damage. The yak gores you!
You hit the yak.
The yak looks as sick as possible!
The yak is moderately wounded.
You hit the yak.
The yak is poisoned.
You hit the yak.
The yak looks as sick as possible!
The yak gores you. x2
You hit the yak.
The yak looks as sick as possible!
The yak is lightly wounded.
You hit the yak but do no damage. You hit the yak.
The yak looks as sick as possible!
You hit the yak.
The yak is poisoned.
The yak gores you. The yak gores you but does no damage. The yak gores you!
You hit the yak.
The yak looks as sick as possible!
The yak is moderately wounded.
You hit the yak but do no damage.
The yak looks as sick as possible!
You hit the yak.
The yak looks as sick as possible!
You hit the yak.
The yak looks as sick as possible!
The yak gores you.
The yak closely misses you. x2; The yak gores you but does no damage.
You slash the yak!
The yak is severely wounded.
You barely miss the yak. x3; You hit the yak.
The yak looks as sick as possible!
The yak gores you but does no damage. The yak gores you!
* * * LOW HITPOINT WARNING * * *
The yak gores you but does no damage. The yak barely misses you.
The yak gores you but does no damage. x2
The yak closely misses you. The yak gores you.
* * * LOW HITPOINT WARNING * * *
The yak barely misses you.
There is an open door here.
You hit the yak.
The yak is poisoned.
The yak is lightly wounded.
The yak gores you!
You die...
Xom cackles wildly!

#.##$...##
#........#
+.....[..#
###........#
...........#
#.....Y...##
#....YYY...#
.....#..###Y###.#
#....#..#..@..# # .
#....#..#.⌠.⌠.# #.
#....#..'..>..+
#.####....+..#.⌠.⌠.#
..........#.##.....#
..........#.####+###
.>........#.#
......#'#.#.#
......#.#...#


You could see 5 yaks.

Vanquished Creatures
  Sigmund (D:2)
  A hog (D:3)
  An ice beast (D:4)
  A water moccasin zombie (D:5)
  A howler monkey (D:4)
  A hound (D:5)
  An orc priest (D:5)
  Ijyb (D:4)
  An orc wizard (D:5)
  A howler monkey zombie (D:5)
  8 adders
  A worm (D:4)
  4 dart slugs
  23 orcs
  7 endoplasms
  2 giant cockroaches
  4 goblins
  11 hobgoblins
  2 jackals (D:1)
  4 kobolds
  4 quokkas
  3 ball pythons (D:2)
  6 bats
  A frilled lizard (D:1)
  8 rats
  A toadstool (D:1)
99 creatures vanquished.

Vanquished Creatures (others)
  3 toadstools (D:1)
  A withered plant (D:2)
4 creatures vanquished.

Grand Total: 103 creatures vanquished

Notes
Turn   | Place    | Note
-------+----------+-------------------------------------------
     0 | D:1      | PilotEpisode the Ghoul Chaos Knight began the quest for the
                  | Orb.
     0 | D:1      | Reached XP level 1. HP: 19/19 MP: 0/0
   193 | D:1      | Reached XP level 2. HP: 26/26 MP: 1/1
   205 | D:1      | Reached skill level 1 in Dodging
   272 | D:1      | XOM: silly message
   418 | D:1      | XOM: silly message
   469 | D:2      | Upgraded the game from 0.28.0-43-g3370ac3207 to
                  | 0.28.0-45-g0d030f2227
   470 | D:2      | XOM: silly message
   539 | D:2      | XOM: 3-stop teleportation journey
   550 | D:2      | Reached XP level 3. HP: 33/33 MP: 2/2
   587 | D:2      | Reached skill level 4 in Unarmed Combat
   779 | D:2      | Found a faded altar of an unknown god.
   932 | D:2      | Noticed Sigmund
   944 | D:2      | Killed Sigmund
   945 | D:2      | Reached skill level 5 in Unarmed Combat
   945 | D:2      | Reached XP level 4. HP: 36/40 MP: 3/3
   945 | D:2      | Reached XP level 5. HP: 42/46 MP: 4/4
  1021 | D:2      | XOM is BORED!
  1021 | D:2      | XOM: summons 1 hostile demon
  1390 | D:3      | Noticed a +0 falchion
  1391 | D:3      | Noticed a +0 dagger
  1408 | D:3      | Noticed a +0 spear
  1696 | D:3      | Noticed a +0 dagger
  1700 | D:3      | Noticed a +0 falchion
  1700 | D:3      | Noticed a +0 short sword
  1702 | D:3      | Noticed a +0 short sword
  1704 | D:3      | Noticed a +0 spear
  1767 | D:3      | Reached XP level 6. HP: 52/52 MP: 5/5
  1770 | D:3      | Noticed a hog
  1770 | D:3      | a worm changed into a hog
  1770 | D:3      | XOM: polymorph worm -> hog
  1771 | D:3      | XOM: blink monster(s)
  1777 | D:3      | Killed a hog
  1778 | D:3      | Reached skill level 6 in Unarmed Combat
  1825 | D:3      | XOM: cloud trail
  2014 | D:3      | XOM: smoke on damage
  2019 | D:3      | XOM: silly message
  2147 | D:3      | Found a shimmering altar of Xom.
  2154 | D:3      | XOM: silly message
  2209 | D:3      | Found a sparkling altar of Nemelex Xobeh.
  2209 | D:3      | Found a snail-covered altar of Cheibriados.
  2220 | D:3      | XOM: silly message
  2362 | D:3      | Reached skill level 1 in Long Blades
  2424 | D:3      | Found a hide-covered altar of Uskayaw.
  2508 | D:4      | Reached skill level 1 in Axes
  2508 | D:4      | Reached XP level 7. HP: 57/59 MP: 6/6
  2655 | D:4      | XOM: silly message
  2730 | D:4      | Reached skill level 1 in Stealth
  2750 | D:4      | XOM: god gift: Xom's Handbook of Urgency {god gift}
  2751 | D:4      | Got Xom's Handbook of Urgency {god gift}
  2780 | D:4      | XOM: scenery: create altars
  2797 | D:4      | Found Usoosko's Weapon Emporium.
  2988 | D:4      | Noticed Ijyb
  3007 | D:4      | Killed Ijyb
  3238 | D:5      | Entered Level 5 of the Dungeon
  3279 | D:5      | XOM: potion effect (brilliance)
  3438 | D:5      | Found a staircase to the Ecumenical Temple.
  3443 | D:5      | Noticed a yak
  3444 | D:5      | Noticed a yak
  3445 | D:5      | Noticed a yak
  3445 | D:5      | Noticed a yak
  3445 | D:5      | Noticed a yak
  3447 | D:5      | XOM: potion effect (brilliance)
  3456 | D:5      | Slain by a yak

Illustrated notes

Levels and vault maps discovered:
D:1:      ldierk_water_garden, layout_rooms
D:2:      layout_rooms, ebering_ecumenical_altar_petrified,
          kennysheep_cross_room, mrwooster_statue_mirror, uniq_sigmund
D:3:      layout_rooms, mainiacjoe_overflow_alcove_4,
          gammafunk_temple_overflow_elements, nicolae_uskayaw_en_pointe
D:4:      layout_loops_cross, serial_shops, nicolae_shop_hallway_plus, uniq_ijyb
D:5:      layout_basic, old_standard_altar, led_sif_book,
          minmay_temple_entry_hall, uniq_pikel

Skill      XL: |  1  2  3  4  5  6  7 |
---------------+----------------------+-----
Dodging        | 1 2 |  2.5
Armour         | 2 3 |  3.6
Unarmed Combat | 5 6 |  6.0
Fighting       | 4 |  4.6
Long Blades    | 1 |  1.0
Axes           | 1 3 |  3.3
Stealth        | 1 |  1.8

Action                   |  1- 3 |  4- 6 |  7- 9 || total
-------------------------+-------+-------+-------++-------
Melee: Unarmed           |   115 |    15 |       ||   130
       Punch             |     3 |     2 |     2 ||     7
       Scimitar          |       |    35 |       ||    35
       Hand axe          |       |    69 |   103 ||   172
Armor: Leather armour    |    49 |    23 |       ||    72
       Chain mail        |       |    24 |    61 ||    85
Dodge: Dodged            |    87 |   100 |    76 ||   263
